 Dungeon Crawl Stone Soup version 0.10.0-32-gfa280cc character file.

25909 Tasonir the Brawler (level 13, -9/94 HPs)
             Began as a Ghoul Gladiator on Mar 10, 2012.
             Was a High Priest of Yredelemnul.
             Mangled by a death yak (18 damage)
             ... on Level 8 of the Lair of Beasts.
             The game lasted 01:50:28 (16298 turns).

Tasonir the Brawler (Ghoul Gladiator)              Turns: 16298, Time: 01:50:28

HP  -9/94        AC 19     Str 20      XL: 13   Next:  3%
MP   9/22        EV  5     Int 10      God: Yredelemnul [*****.]
Gold 1025        SH 26     Dex  9      Spells:  0 memorised, 12 levels left

Res.Fire  : . . .   See Invis. : .     - Unarmed
Res.Cold  : + . .   Warding    : . . A - +1 orc plate armour
Life Prot.: + + +   Conserve   : .   V - +0 shield
Res.Acid. : . . .   Res.Corr.  : .   X - +2 wizard hat {Int+3}
Res.Poison: +       Clarity    : .   b - +1 cloak
Res.Elec. : .       Spirit.Shd : .   (no gloves)
Sust.Abil.: . .     Stasis     : .   U - +0 pair of elf boots
Res.Mut.  : .       Ctrl.Telep.: .   q - amulet of faith
Res.Rott. : +       Levitation : .   I - ring of regeneration
Saprovore : + + +   Ctrl.Flight: .   G - ring of regeneration

@: very slightly contaminated, rotting, somewhat resistant to hostile
enchantments, extremely unstealthy
A: rotting body, claws 1, carnivore 3, cold resistance 1, life protection 3,
poison resistance, saprovore 3, slow healing 1, torment resistance, unbreathing
a: Animate Dead, Recall Undead Slaves, Injury Mirror, Drain Life, Enslave Soul,
Renounce Religion


You were on level 8 of the Lair of Beasts.
You worshipped Yredelemnul.
Yredelemnul was exalted by your worship.
You were not hungry.

You visited 3 branches of the dungeon, and saw 19 of its levels.

You collected 1107 gold pieces.
You spent 102 gold pieces at shops.

Inventory:

Hand weapons
 W - a +0,+0 demon whip
Armour
 b - a +1 cloak (worn)
 A - a +1 orcish plate armour (worn)
 U - a +0 pair of elven boots (worn)
 V - a +0 shield (worn)
 X - a +2 wizard hat of intelligence (worn)
Magical devices
 c - a wand of digging (1)
 x - a wand of polymorph other (7) {unknown}
 N - a wand of lightning (3)
 S - a wand of cold (5)
 T - a wand of magic darts (17) {unknown}
 Y - a wand of fire (0)
Comestibles
 m - 9 meat rations
Scrolls
 e - 2 scrolls of identify
 h - a scroll of blinking
 j - 4 scrolls of remove curse
 l - a scroll of recharging
 o - 3 scrolls of teleportation
 p - 2 scrolls of fog
 w - a scroll of enchant weapon I {unknown}
 F - 3 scrolls of detect curse
 H - a scroll of vulnerability {unknown}
Jewellery
 q - an amulet of faith (around neck)
 C - an uncursed ring of teleportation
 G - a ring of regeneration (left claw)
 I - a ring of regeneration (right claw)
 L - an uncursed ring of sustain abilities
Potions
 a - a potion of poison {unknown}
 d - a potion of restore abilities {unknown}
 f - a potion of slowing {unknown}
 n - 2 potions of resistance
 E - 4 potions of curing
 O - 3 potions of agility


   Skills:
 - Level 2.1 Fighting
 - Level 1.7 Throwing
 - Level 5.9 Armour
 - Level 1.7 Dodging
 - Level 2.0 Stabbing
 + Level 13.4 Shields
 - Level 15.1 Unarmed Combat
 + Level 9.1 Invocations


You had 12 spell levels left.
You didn't know any spells.

Dungeon Overview and Level Annotations

Branches:
Dungeon (10/27)            Temple (1/1) D:7            Lair (8/8) D:9
  Swamp (0/5) Lair:4        Snake (0/5) Lair:5
    Orc: D:6-11       Slime: Lair:6-8

Altars:
Ashenzari
Cheibriados
Elyvilon
Fedhas
Kikubaaqudgha
Makhleb
Nemelex Xobeh
Okawaru
Sif Muna
The Shining One
Trog
Vehumet
Xom
Yredelemnul
Zin

Shops:
D:5: = D:9: *

Annotations
D:5 1705 ring of slaying 4/5
D:7 iron golem
Lair:4 pack of goddamned death yaks


Innate Abilities, Weirdness & Mutations

Your body is rotting away.
You have sharp fingernails.
You are carnivorous and can eat meat at any time.
Your flesh is cold resistant.
You are immune to negative energy.
Your system is resistant to poisons.
You thrive on rotten meat.
You heal slowly.
You are immune to unholy pain and torment.
You can survive without breathing.


Message History

Press: ? - help, Shift-Dir - straight line, f/p - death yak
Aim: a death yak (heavily wounded)
The bolt of fire hits the death yak.
The death yak is severely wounded.
You claw the death yak!
The death yak begins to bleed from its wounds!
The death yak is almost dead.
The death yak barely misses you. You block the yak's attack.
You barely miss the death yak.
The death yak is almost dead.
The death yak gores you!
* * * LOW HITPOINT WARNING * * *
The death yak gores you but does no damage.
The yak barely misses you.
Read which item? (? for menu, Esc to quit)
As you read the scroll of fear, it crumbles to dust.
You assume a fearsome visage.
The death yak struggles to resist.
The yak looks frightened!
The death yak gores you!
You die...
Yredelemnul claims you as an undead slave.

................................
#..f#...........#..#..#.#....#.#
.# #####.............#########.
###.P......<.## ##. #.####.....#
#.. ............### ##..
..##.....ff#..# #.## #### ####
#.####..P.f######.##
####..###.####.Y@.##...........#.
#P......#..##..Y...#..........%##
P%.).........P..................#
.%.............................##
♣................................
♣♣♣.......♣♣..♣.....♣...♣♣......♣
♣♣♣♣♣..♣♣♣♣♣♣♣♣♣♣..♣♣♣♣♣♣♣....♣♣♣
♣♣♣♣♣.♣♣♣♣♣♣♣♣♣♣♣♣♣♣♣♣♣♣♣♣♣♣♣♣♣♣
♣♣♣♣.♣ ♣♣♣♣♣♣ ♣..♣♣♣♣♣


You could see a death yak (bleeding) and a yak (fleeing).

Vanquished Creatures
  Gastronok (Lair:5)
  A hydra (Lair:5)
  4 death yaks
  The ghost of Balswisher the Archer, an experienced HEHu (D:7)
  A griffon (Lair:7)
  2 black mambas
  4 elephants (Lair:5)
  2 elephant slugs
  6 spiny frogs
  A feature mimic (Lair:6)
  A troll (D:9)
  A komodo dragon (Lair:7)
  A polar bear (Lair:8)
  5 blink frogs
  A basilisk (Lair:6)
  A steam dragon (Lair:5)
  6 war dogs
  A hippogriff (Lair:8)
  6 yaks
  A wyvern (D:9)
  4 fire drakes
  9 vampire mosquitoes
  A manticore (D:9)
  2 ice beasts
  2 orc warriors
  A giant goldfish (Lair:4)
  4 ogres
  A sky beast (D:9)
  3 boring beetles (D:9)
  4 crocodiles
  The ghost of Wolpertinger the Vexing, an average SpEn (D:3)
  2 centaurs
  5 giant slugs
  4 agate snails
  4 giant frogs
  A gnoll sergeant (D:8)
  Blork the orc (D:4)
  8 water moccasins
  A basilisk skeleton (D:8)
  2 jellyfish (Lair:5)
  2 goliath beetles
  11 hounds
  5 crimson imps
  A gnoll shaman (D:8)
  7 orc priests
  A scorpion (D:9)
  A hound skeleton (D:7)
  13 sheep
  4 orc wizards
  3 porcupines
  8 iguanas
  7 worker ants
  A mummy (D:8)
  16 adders
  3 giant centipedes
  7 gnolls
  63 green rats
  A scorpion zombie (D:5)
  3 giant mites
  An adder skeleton (D:6)
  9 worms
  A giant eyeball (D:4)
  12 giant geckos
  4 oozes
  24 orcs
  4 ball pythons
  22 bats
  11 goblins
  9 hobgoblins
  24 jackals
  18 kobolds
  9 quokkas
  6 giant cockroaches
  5 giant newts
  A hobgoblin skeleton (D:5)
  An orc skeleton (D:4)
  An orc zombie (D:9)
  18 rats
  A ballistomycete (D:8)
  3 fungi
  5 plants
  2 toadstools
455 creatures vanquished.

Vanquished Creatures (collateral kills)
  Maud (Lair:5)
  Harold (Lair:5)
  2 death yaks (Lair:3)
  An elephant (Lair:5)
  A spiny frog (Lair:2)
  A blink frog (Lair:4)
  2 yaks (Lair:6)
  A hippogriff (Lair:1)
  A fire drake (Lair:7)
  A war dog (Lair:4)
  A water moccasin (Lair:6)
  A giant slug (Lair:5)
  2 agate snails (Lair:6)
  A giant frog (Lair:3)
  3 porcupines
  3 iguanas
  3 sheep (Lair:1)
  An adder (Lair:4)
  12 green rats
  A giant gecko (Lair:1)
  An orc (D:9)
  8 jackals
  2 bats (Lair:5)
  2 rats
  3 butterflies (Lair:3)
  2 fungi
  2 plants
  A toadstool (Lair:3)
61 creatures vanquished.

Vanquished Creatures (others)
  A rotting hulk (Lair:8)
  2 elephant zombies (Lair:5)
  A wraith (Lair:6)
  2 fire drake zombies (Lair:7)
  A hippogriff zombie (Lair:8)
  3 war dog zombies (Lair:4)
  A giant frog zombie (Lair:3)
  2 water moccasin zombies
  A crocodile zombie (Lair:5)
  A goliath beetle zombie (D:9)
  A mummy (Lair:5)
  7 flying skulls
  A green rat (Lair:7)
  An adder zombie (Lair:3)
  A giant mite zombie (Lair:5)
  A green rat zombie (Lair:3)
  A goblin (D:6)
  A jackal (D:8)
  A quokka (Lair:3)
  A giant gecko zombie (Lair:3)
  A giant spore (D:8)
  2 rats
  2 fungi
  A plant (Lair:8)
  15 toadstools
52 creatures vanquished.

Grand Total: 568 creatures vanquished

Notes
Turn   | Place    | Note
--------------------------------------------------------------
     0 | D:1      | Tasonir, the Ghoul Gladiator, began the quest for the Orb.
     0 | D:1      | Reached XP level 1. HP: 18/18 MP: 0/0
   265 | D:1      | Reached XP level 2. HP: 25/25 MP: 1/1
   287 | D:1      | Reached skill level 4 in Unarmed Combat
   904 | D:2      | Noticed a crimson imp
   915 | D:2      | Killed a crimson imp
   915 | D:2      | Reached skill level 6 in Unarmed Combat
   915 | D:2      | Reached XP level 3. HP: 18/29 MP: 2/2
   952 | D:2      | Reached skill level 1 in Shields
   977 | D:2      | Found a sparkling altar of Nemelex Xobeh.
  1026 | D:2      | Reached XP level 4. HP: 29/36 MP: 2/2
  1630 | D:3      | Noticed Wolpertinger's ghost (average SpEn)
  1646 | D:3      | Killed Wolpertinger's ghost
  1646 | D:3      | Reached XP level 5. HP: 26/43 MP: 3/3
  1968 | D:3      | Reached skill level 7 in Unarmed Combat
  2059 | D:3      | Found a burning altar of Makhleb.
  2077 | D:3      | Reached XP level 6. HP: 46/50 MP: 4/4
  2992 | D:4      | Reached XP level 7. HP: 52/56 MP: 4/4
  2997 | D:4      | Paralysed by a giant eyeball for 2 turns
  3141 | D:4      | Reached skill level 8 in Unarmed Combat
  3311 | D:4      | Noticed Blork the orc
  3321 | D:4      | Killed Blork the orc
  3558 | D:5      | Entered Level 5 of the Dungeon
  3618 | D:5      | Found a blossoming altar of Fedhas.
  3661 | D:5      | Found a bloodstained altar of Trog.
  3731 | D:5      | Found a deep blue altar of Sif Muna.
  3929 | D:5      | Found a glowing silver altar of Zin.
  3975 | D:5      | Found Gimp's Jewellery Shop.
  4472 | D:6      | Reached skill level 5 in Shields
  4472 | D:6      | Reached XP level 8. HP: 50/63 MP: 5/5
  4488 | D:6      | Found a radiant altar of Vehumet.
  4653 | D:6      | Reached skill level 1 in Armour
  4653 | D:6      | Reached skill level 9 in Unarmed Combat
  4666 | D:6      | Got an iridescent sabre
  4667 | D:6      | Identified the cursed sabre of Idewa {slay orc, Noisy Int+2 Stlth++} (You found it on level 6 of the Dungeon)
  5006 | D:6      | Found a blossoming altar of Fedhas.
  5703 | D:7      | Found a staircase to the Ecumenical Temple.
  5711 | Temple   | Entered the Ecumenical Temple
  5767 | Temple   | Became a worshipper of Yredelemnul the Dark
  5869 | D:7      | Noticed Balswisher's ghost (experienced HEHu)
  5901 | D:7      | Killed Balswisher's ghost
  5901 | D:7      | Reached skill level 10 in Unarmed Combat
  5901 | D:7      | Reached XP level 9. HP: 27/69 MP: 6/6
  6063 | D:8      | Found a snail-covered altar of Cheibriados.
  6063 | D:8      | Noticed an iron golem
  6334 | D:8      | Found a glowing golden altar of the Shining One.
  6706 | D:8      | Reached skill level 5 in Armour
  6923 | D:8      | Found a burning altar of Makhleb.
  7130 | D:8      | HP: 10/69 [orc warrior/orcish great mace (13)]
  7131 | D:8      | HP: 1/69 [orc warrior/orcish great mace (20)]
  7143 | D:8      | Acquired Yredelemnul's first power
  7143 | D:8      | Reached skill level 11 in Unarmed Combat
  7143 | D:8      | HP: 7/69 [orc priest/divine providence (12)]
  7152 | D:8      | HP: 4/69 [orc priest/divine providence (8)]
  7717 | D:9      | Noticed a boring beetle
  7736 | D:9      | HP: 7/68 [boring beetle (11)]
  7773 | D:9      | Killed a boring beetle
  7918 | D:9      | Reached XP level 10. HP: 25/75 MP: 6/6
  8092 | D:9      | Found Lynuohos' General Store.
  8102 | D:9      | Noticed a boring beetle
  8125 | D:9      | Killed a boring beetle
  8141 | D:9      | Reached skill level 12 in Unarmed Combat
  8141 | D:9      | Reached skill level 1 in Invocations
  8143 | D:9      | Bought a scroll of identify for 34 gold pieces
  8143 | D:9      | Bought a potion of curing for 34 gold pieces
  8143 | D:9      | Bought a scroll of curse armour for 34 gold pieces
  8173 | D:9      | Found a staircase to the Lair.
  8178 | D:9      | Noticed a boring beetle
  8200 | D:9      | Killed a boring beetle
  8484 | Lair:1   | Entered Level 1 of the Lair of Beasts
  8716 | Lair:1   | Acquired Yredelemnul's second power
  9020 | Lair:1   | Reached skill level 5 in Invocations
  9543 | D:10     | Entered Level 10 of the Dungeon
  9642 | Lair:2   | Reached skill level 13 in Unarmed Combat
  9791 | Lair:2   | Acquired Yredelemnul's third power
 10501 | Lair:3   | HP: 8/74 [spiny frog (15)]
 10509 | Lair:2   | HP: 7/74 [spiny frog (12)]
 10519 | Lair:2   | Reached XP level 11. HP: 17/80 MP: 14/17
 10540 | Lair:3   | Acquired Yredelemnul's fourth power
 10912 | Lair:3   | Received a gift from Yredelemnul
 11580 | Lair:4   | Found a staircase to the Swamp.
 11583 | Lair:4   | Reached skill level 14 in Unarmed Combat
 11805 | Lair:5   | Found a staircase to the Snake Pit.
 11848 | Lair:5   | Received a gift from Yredelemnul
 11929 | Lair:5   | Noticed Gastronok
 11931 | Lair:5   | Noticed Harold
 11945 | Lair:5   | Killed Harold
 11988 | Lair:5   | Noticed Maud
 12257 | Lair:3   | Reached skill level 1 in Stabbing
 12257 | Lair:3   | Reached skill level 15 in Unarmed Combat
 12320 | Lair:4   | Received a gift from Yredelemnul
 13013 | Lair:5   | Acquired Yredelemnul's fifth power
 13013 | Lair:5   | Reached XP level 12. HP: 59/89 MP: 18/18
 13041 | Lair:5   | Reached skill level 10 in Shields
 13182 | Lair:5   | Received a gift from Yredelemnul
 13232 | Lair:5   | Killed Gastronok
 13254 | Lair:5   | Killed Maud
 14095 | Lair:6   | Received a gift from Yredelemnul
 15801 | Lair:8   | Entered Level 8 of the Lair of Beasts
 16249 | Lair:8   | Received a gift from Yredelemnul
 16272 | Lair:8   | HP: 13/87 [death yak (21)]
 16272 | Lair:8   | HP: 3/87 [death yak (10)]
 16274 | Lair:8   | Reached XP level 13. HP: 21/92 MP: 10/22
 16297 | Lair:8   | HP: 8/94 [death yak (20)]
 16298 | Lair:8   | Mangled by a death yak
